 Dungeon Crawl Stone Soup version 0.29.1-15-g9cfb28693d (webtiles) character file.

Game seed: 11344544855129250140

26 Sanktem7 the Trooper (level 2, -4/27 HPs)
             Began as a Minotaur Fighter on Mar 8, 2023.
             Slain by Sigmund
             ... wielding a +0 scythe
              (10 damage)
             ... on level 2 of the Dungeon.
             The game lasted 00:01:16 (751 turns).

Sanktem7 the Trooper (Minotaur Fighter)              Turns: 751, Time: 00:01:17

Health: -4/27      AC:  7    Str: 20    XL:     2   Next: 89%
Magic:  1/1        EV:  6    Int:  5    God:
Gold:   61         SH:  4    Dex:  9    Spells: 1/1 levels left

rFire   + . .      SeeInvis +   a - +0 war axe {axe}
rCold   x . .      Faith    .   c - +0 buckler
rNeg    . . .      Spirit   .   b - +0 scale mail
rPois   .          Reflect  .   (helmet restricted)
rElec   .          Harm     .   (no cloak)
rCorr   .          Rampage  .   (no gloves)
Will    .....                   (no boots)
Stlth   ..........              (no amulet)
HPRegen 0.09/turn               i - ring of fire
MPRegen 0.07/turn               j - ring of see invisible

@: constricted
A: horns 2, retaliatory headbutt
a: no special abilities


You were on level 2 of the Dungeon.
You visited 1 branch of the dungeon, and saw 2 of its levels.

You collected 61 gold pieces.


Innate Abilities, Weirdness & Mutations

You have a pair of horns on your head.
You reflexively headbutt those who attack you in melee.


   Skills:
 * Level 4.2 Fighting
 * Level 3.2 Axes
 + Level 3.9 Armour
 - Level 3.6 Shields


You had one spell level left.
You didn't know any spells.
Your spell library contained the following spells:

 Spells                   Type           Power      Damage    Failure   Level
 Conjure Flame            Conj/Fire      0%         6-21      99%         3
 Ignite Poison            Fire/Tmut/Pois 0%         N/A       99%         3
 Sticky Flame             Conj/Fire      0%         2d3       100%        4

Inventory:

Hand Weapons
 a - a +0 war axe (weapon) {axe}
Missiles
 g - 6 stones (quivered) {throwing}
 l - 4 datura-tipped darts {throwing}
Armour
 b - a +0 scale mail (worn)
 c - a +0 buckler (worn)
Jewellery
 i - a ring of fire (left hand)
   (You found it on level 1 of the Dungeon)
 j - a ring of see invisible (right hand)
   (You found it on level 1 of the Dungeon)
Scrolls
 f - a scroll of magic mapping {unknown}
Potions
 d - a potion of might
 e - a potion of degeneration {unknown}
 h - 2 potions of flight {unknown}
 k - a potion of resistance {unknown}

Dungeon Overview and Level Annotations

Branches:
Dungeon (2/15) Zot: 11229

Altars:

Shops:
D:1 *

Annotations:
D:2 Sigmund, Terence

#.........#
#.........#
#.........#
#.........#
#....$....#
#.........#
###...†@..[.#
#
#...††@S..###
#...##..@...#
.......†.>..#
...~~~......#
..~~~~~.....#
..~~~~~.....#
#.~~~~~.....#
#.~~~~~.....#
#...~~..>...#
###....######


You could see Sigmund, Terence and a ball python.


Message History

You miss the frilled lizard. The frilled lizard closely misses you.
You furiously retaliate!
You headbutt the frilled lizard!
You kill the frilled lizard!
You block the frilled lizard's attack.
The frilled lizard bites you but does no damage.
You barely miss the frilled lizard. You miss the frilled lizard.
You hit the frilled lizard.
You kill the frilled lizard!
The frilled lizard bites you but does no damage.
The frilled lizard hisses.
The frilled lizard bites you but does no damage.
You closely miss the frilled lizard.
Your headbutt misses the frilled lizard.
You closely miss the frilled lizard.
The frilled lizard bites you but does no damage.
The frilled lizard bites you. You block the frilled lizard's attack.
The frilled lizard bites you but does no damage. 😕 HP[-3]
You take 3 damage, and now have 21/27 hp.
You miss the frilled lizard. You headbutt the frilled lizard.
You kill the frilled lizard!
You closely miss the frilled lizard.
A worm comes into view.
The frilled lizard barely misses you.
You miss the frilled lizard.
The frilled lizard bites you but does no damage.
You barely miss the frilled lizard.
The frilled lizard bites you but does no damage. x2 😕 HP[+1]
You closely miss the frilled lizard.
The frilled lizard bites you but does no damage.
You slash the frilled lizard!
You kill the frilled lizard!
Things that are here:
a frilled lizard corpse; a frilled lizard corpse
Found a stone staircase leading down.
The worm misses you.
You barely miss the worm. You slash the worm! The worm bites you! 😮 HP[-7]
You take 7 damage, and now have 15/27 hp.
MASSIVE DAMAGE!! (PAUSE)
You hit the worm but do no damage. You headbutt the worm.
You block the worm's attack.
You slash the worm!
You kill the worm! 😮 HP[+1]
You see here a worm corpse.
A kobold comes into view. It is wielding a +0 club. 😮 HP[+3]
You regained 3 hp, and now have 19/27 hp.
A kobold is nearby!
A kobold is nearby!
You are too injured to fight recklessly!
You are too injured to fight recklessly!
You are too injured to fight recklessly!
You are too injured to fight recklessly!
A kobold is nearby!
The kobold shouts!
You hear a shout!
Sigmund the Dreaded comes into view.
He is wielding a +0 scythe.
You hit the kobold but do no damage.
Terence the Incautious comes into view.
He is wielding a +0 hand axe.
The kobold hits you with a +0 club.
A ball python comes into view. 😮 HP[-3]
You take 3 damage, and now have 16/27 hp.
You closely miss the kobold.
Terence shouts!
The ball python hisses angrily.
The kobold hits you with a +0 club. The kobold barely misses you. 😮 HP[-1]
You take 1 damage, and now have 15/27 hp.
Terence bares his teeth.
You closely miss the kobold. The kobold hits you but does no damage.
You hit the kobold. The kobold hits you but does no damage.
You block Sigmund's attack.
You hit the kobold.
You kill the kobold!
You hit the ball python.
Sigmund hits you from afar with a +0 scythe.
* * * LOW HITPOINT WARNING * * *
The ball python closely misses you.
The ball python barely misses you. 😨 HP[-3]
You take 3 damage, and now have 12/27 hp.
You barely miss Terence. You closely miss the ball python.
The ball python misses you. The ball python grabs you.
The ball python constricts you.
* * * LOW HITPOINT WARNING * * *
Terence hits you with a +0 hand axe.
* * * LOW HITPOINT WARNING * * *
Sigmund barely misses you. You block the ball python's attack.
The ball python constricts you.
* * * LOW HITPOINT WARNING * * *
😨 HP[-3]
You take 3 damage, and now have 9/27 hp.
You hit Terence but do no damage. Your headbutt misses Terence.
You barely miss the ball python. The ball python barely misses you.
The ball python constricts you. Terence hits you with a +0 hand axe.
* * * LOW HITPOINT WARNING * * *
Sigmund hits you from afar with a +0 scythe!
You die...

Skill      XL: |  1  2 |
---------------+-------+-----
Fighting       | 4 |  4.2
Axes           | 3 |  3.2
Armour         | |  3.9
Shields        | |  3.6

Action                   || total
-------------------------++-------
Melee: War axe           ||    51
       Headbutt          ||     8
Armor: Scale mail        ||    28
Dodge: Dodged            ||    28
Block: Buckler           ||    15

Levels and vault maps discovered:
D:1:      lemuel_arrival_cross, layout_basic, serial_shops, nicolae_shop_stone,
          shapermc_ecumenical_altar_mp_vishouse
D:2:      minmay_alternating_diamond, layout_rooms, serial_shops,
          nicolae_shop_overgrown_old_shop, minmay_lizard_pond, uniq_sigmund,
          uniq_terence, uniq_jessica, uniq_natasha

Notes
Turn   | Place    | Note
-------+----------+-------------------------------------------
     0 | D:1      | Sanktem7 the Minotaur Fighter began the quest for the Orb.
     0 | D:1      | Reached XP level 1. HP: 19/19 MP: 0/0
     0 | D:1      | magus.rc [v1.9.6]
    39 | D:1      | You add the spells Conjure Flame, Ignite Poison and Sticky
                  | Flame to your library.
   211 | D:1      | Reached XP level 2. HP: 27/27 MP: 1/1
   255 | D:1      | Reached skill level 4 in Fighting
   348 | D:1      | Reached skill level 3 in Axes
   393 | D:1      | Found a faded altar of an unknown god.
   507 | D:1      | Found Wuzxisosh's Assorted Antiques.
   742 | D:2      | Noticed Sigmund
   743 | D:2      | Noticed Terence
   751 | D:2      | HP: 6/27 [Terence/+0 hand axe (3)]
   751 | D:2      | Slain by Sigmund

Vanquished Creatures
  A worm (D:2)
  An endoplasm (D:1)
  A hobgoblin (D:1)
  A kobold (D:2)
  A quokka (D:1)
  4 ball pythons
  3 bats
  12 frilled lizards
  A goblin (D:1)
  2 rats (D:1)
27 creatures vanquished.

Table legend:
 A = Non-vault XP
 B = Vault XP
 C = Vault XP percentage of total XP
 D = Non-vault monster count
 E = Vault monster count
 F = Vault count percentage of total count
                 A         B        C        D         E       F
            +---------+---------+-------+---------+---------+-------
      Total |      32 |       6 |  15.8 |      21 |       6 |  22.2
            +---------+---------+-------+---------+---------+-------
        D:1 |      22 |       0 |   0.0 |      17 |       0 |   0.0
        D:2 |      10 |       6 |  37.5 |       4 |       6 |  60.0
            +---------+---------+-------+---------+---------+-------

Illustrated notes

Table legend:
 A = Kills in this place as a percentage of kills in entire the game.
 B = Kills by you in this place as a percentage of kills by you in the entire game.
 C = Kills by friends in this place as a percentage of kills by friends in the entire game.
 D = Other kills in this place as a percentage of other kills in the entire game.
 E = Experience gained in this place as a percentage of experience gained in the entire game.
 F = Experience gained in this place divided by the number of levels of this place that you have seen.
                   A       B       C       D       E      F
               +-------+-------+-------+-------+-------+----------------------
         Total | 100.0 | 100.0 |   N/A |   N/A | 100.0 |  19.0
       Dungeon | 100.0 | 100.0 |   N/A |   N/A | 100.0 |  19.0
               +-------+-------+-------+-------+-------+----------------------

Table legend: (Time is in decaauts)
 A = Elapsed time spent in this place.
 B = Non-inter-level travel time spent in this place.
 C = Inter-level travel time spent in this place.
 D = Time resting spent in this place.
 E = Time spent auto-exploring this place.
 F = Levels seen in this place.
 G = Mean time per level.
                   A        B        C        D        E       F      G
               +--------+--------+--------+--------+--------+-----+--------+
         Total |    769 |    754 |     15 |      0 |    612 |   2 |  384.5 |
       Dungeon |    769 |    754 |     15 |      0 |    612 |   2 |  384.5 |
               +--------+--------+--------+--------+--------+-----+--------+

Top non-repeatable levels by time:
     D:1: 688 daAuts
     D:2: 80 daAuts
